VEGAS Golden Knights vs NASHVILLE Predators

Created - 8 avril 2024 at 18:03

Goals
1 2 3 T
VEGAS Golden Knights 1 1 1 3
NASHVILLE Predators 3 0 1 4
Shots
1 2 3 T
VEGAS Golden Knights 11 19 11 41
NASHVILLE Predators 14 5 10 29

1st period

1. NASHVILLE Predators , Pavel Zacha 20 (Esa Lindell 38, Dylan Larkin 40) at 0:35
2. NASHVILLE Predators , Jaccob Slavin 14 (Aleksander Barkov 44) at 2:01 (PP)
3. VEGAS Golden Knights , Evgenii Dadonov 6 (Colton Sissons 34, Adam Erne 19) at 12:58
4. NASHVILLE Predators , Brent Burns 17 (Aleksander Barkov 45, Juuse Saros) at 15:00 (PP)

Penalties :
Mike Reilly (VGK) for Roughing (Minor) at 0:50, Luke Schenn (NSH) for Slashing (Minor) at 10:32, Tomas Tatar (VGK) for Hooking (Minor) at 14:38

2nd period

5. VEGAS Golden Knights , Jared McCann 26 (Sebastian Aho 43) at 9:43

Penalties :
Andrei Svechnikov (VGK) for Hooking (Minor) at 0:55, Brent Burns (NSH) for Interference (Minor) at 3:08, Luke Schenn (NSH) for Delaying the game (Minor) at 11:10

3rd period

6. VEGAS Golden Knights , Adam Erne 17 (Evgenii Dadonov 6, Adam Larsson 30) at 3:41
7. NASHVILLE Predators , Dylan Larkin 23 (Johnny Gaudreau 26, Esa Lindell 39) at 13:50

Penalties :
Travis Hamonic (NSH) for Tripping (Minor) at 1:28, Sebastian Aho (VGK) for Tripping (Minor) at 18:01

Goalie Stats

Connor Hellebuyck (VGK), 25 saves from 29 shots - (0,862), L, 39-30-4, 60:00 minutes
Juuse Saros (NSH), 38 saves from 41 shots - (0,927), W, 43-22-7, 60:00 minutes

Players Stats for VEGAS Golden Knights

Player Name              G  A  P  +/- PIM S  H  SB GA TA FO     MP     PP MP  PK MP  
------------------------------------------------------------------------------------
Adam Erne                1  1  2   2  0   3  1  0  0  0  0/0    11:33   0:00   0:00 
Adam Larsson             0  1  1   1  0   0  2  2  0  0  0/0    22:19   0:00   2:49 
Alex Killorn             0  0  0  -1  0   3  2  0  0  0  0/0    19:32   4:41   0:52 
Andrei Svechnikov        0  0  0  -1  2   5  3  0  0  0  0/1    18:02   4:04   0:00 
Colton Sissons           0  1  1   2  0   5  0  0  0  0  19/33  18:45   3:15   3:57 
Devin Shore              0  0  0   0  0   2  1  0  0  0  0/0     6:51   0:00   1:06 
Evgenii Dadonov          1  1  2   2  0   3  0  0  0  0  0/0    11:33   0:00   0:00 
Jared McCann             1  0  1   0  0   2  1  0  0  0  1/1    19:58   4:41   0:00 
Jordan Oesterle          0  0  0   2  0   0  0  0  0  0  0/0    11:50   0:00   0:18 
Mikael Granlund          0  0  0  -1  0   1  0  0  0  0  11/21  18:32   3:52   0:41 
Mike Reilly              0  0  0   2  2   0  2  2  0  0  0/0    11:31   0:00   0:00 
Noah Hanifin             0  0  0  -2  0   4  2  0  0  0  0/0    22:21   4:04   2:23 
Noel Acciari             0  0  0   0  0   4  0  0  0  0  9/16    9:52   3:15   0:52 
Olli Maatta              0  0  0   1  0   1  1  1  0  0  0/0    21:31   0:00   2:23 
Phil Di Giuseppe         0  0  0   0  0   0  1  0  0  0  0/0     6:45   0:00   1:00 
Sebastian Aho            0  1  1   0  2   4  2  0  0  0  14/30  22:29   4:41   2:32 
Tomas Tatar              0  0  0   0  2   3  4  0  0  0  0/1    18:31   3:15   0:00 
Tony DeAngelo            0  0  0  -2  0   1  1  1  0  0  0/0    22:31   3:52   3:07 

Players Stats for NASHVILLE Predators

Player Name              G  A  P  +/- PIM S  H  SB GA TA FO     MP     PP MP  PK MP  
------------------------------------------------------------------------------------
Aleksander Barkov        0  2  2  -2  0   2  1  1  0  0  15/31  22:15   2:30   1:00 
Alex DeBrincat           0  0  0  -2  0   4  2  1  0  0  0/4    22:15   2:30   1:00 
Brent Burns              1  0  1  -1  2   3  5  1  0  0  0/0    24:27   2:36   0:06 
Conor Sheary             0  0  0   0  0   0  0  0  0  0  0/1     9:49   0:00   0:00 
Dmitry Kulikov           0  0  0  -1  0   1  2  1  0  0  0/0    14:49   0:00   2:54 
Dylan Gambrell           0  0  0   0  0   0  1  0  0  0  3/10    4:41   0:00   0:00 
Dylan Larkin             1  1  2   1  0   3  0  0  0  0  14/20  16:19   3:00   0:00 
Esa Lindell              0  2  2   0  0   2  0  1  0  0  0/0    22:41   3:29   3:24 
Jaccob Slavin            1  0  1   0  0   2  3  2  0  0  0/0    25:53   2:30   4:32 
Jean-Gabriel Pageau      0  0  0   0  0   2  0  0  0  0  12/27  15:52   1:18   4:45 
Jimmy Vesey              0  0  0   0  0   1  1  1  0  0  0/0     6:52   0:00   2:11 
Johnny Gaudreau          0  1  1   1  0   3  0  0  0  0  0/0    15:49   2:30   0:00 
Jonatan Berggren         0  0  0   0  0   0  0  0  0  0  0/0     4:41   0:00   0:00 
Luke Schenn              0  0  0   1  4   0  2  0  0  0  0/0    14:34   0:00   1:43 
Pavel Zacha              1  0  1   1  0   3  1  0  0  0  2/4    18:30   3:00   2:11 
Reilly Smith             0  0  0  -2  0   1  2  1  0  0  2/3    20:27   1:42   0:00 
Tanner Jeannot           0  0  0   0  0   0  6  0  0  0  1/3    14:34   0:00   4:45 
Travis Hamonic           0  0  0  -1  2   2  1  3  0  0  0/0    17:32   2:25   3:13 

3 Stars

1 - Adam Erne (VGK)
2 - Evgenii Dadonov (VGK)
3 - Dylan Larkin (NSH)

Power Play

VEGAS Golden Knights - 0 on 4 Attempt(s) - 0,00%
NASHVILLE Predators - 2 on 4 Attempt(s) - 50,00%

Penalty Kill

VEGAS Golden Knights - 2 on 4 Attempt(s) - 50,00% - Score 0 goal in Penalty Kill
NASHVILLE Predators - 4 on 4 Attempt(s) - 100,00% - Score 0 goal in Penalty Kill

Team Stat

VEGAS Golden Knights - Hits : 23 - Faceoff Wins : 54 - Blocked Shots : 6 - Penalty Minutes : 8
NASHVILLE Predators - Hits : 27 - Faceoff Wins : 49 - Blocked Shots : 12 - Penalty Minutes : 8

Official

Referees : Kevin Pollock and Steve Kozari
Linesman : Dan Kelly and Mitchell Hunt

Game Notes

No Game Note

Finance

Level 1 -- Attendance: 5795 (82,79%) -- Ticket Income $550,525
Level 2 -- Attendance: 5494 (91,57%) -- Ticket Income $302,170
Level 3 -- Attendance: 2534 (84,47%) -- Ticket Income $81,088
Level 4 -- Attendance: 3925 (78,50%) -- Ticket Income $78,500
Luxury Box -- Attendance: 869 (83,56%) -- Ticket Income $173,800
Game was played at the Bridgestone Arena.
Total Attendance: 18617 (84,47%)
Total Ticket Income: $1,186,083
Other Income: $296,521
Total Income: $1,482,604

VEGAS Golden Knights

5 vs 5 Forward 
   Center                   Left Wing                Right Wing               Time % Phy DF OF 
 1 Sebastian Aho            Jared McCann             Tomas Tatar              36     1   2  2  
 2 Mikael Granlund          Andrei Svechnikov        Alex Killorn             30     1   2  2  
 3 Colton Sissons           Adam Erne                Evgenii Dadonov          25     1   2  2  
 4 Noel Acciari             Phil Di Giuseppe         Devin Shore              9      1   2  2  

5 vs 5 Defense 
   Defense                  Defense                                           Time % Phy DF OF 
 1 Adam Larsson             Olli Maatta                                       40     1   2  2  
 2 Noah Hanifin             Tony DeAngelo                                     33     1   2  2  
 3 Mike Reilly              Jordan Oesterle                                   22     1   2  2  
 4 Adam Larsson             Noah Hanifin                                      5      1   2  2  

PowerPlay Forward 
   Center                   Left Wing                Right Wing               Time % Phy DF OF 
 1 Sebastian Aho            Jared McCann             Alex Killorn             65     0   1  4  
 2 Colton Sissons           Noel Acciari             Tomas Tatar              35     0   2  3  

PowerPlay Defense
   Defense                  Defense                                           Time % Phy DF OF 
 1 Andrei Svechnikov        Noah Hanifin                                      65     0   1  4  
 2 Mikael Granlund          Tony DeAngelo                                     35     0   2  3  

Penalty Kill 4 Players Forward 
   Center                   Wing                     Time % Phy DF OF 
 1 Colton Sissons           Sebastian Aho            60     1   3  1  
 2 Noel Acciari             Alex Killorn             40     1   3  1  

Penalty Kill 4 Players Defense
   Defense                  Defense                  Time % Phy DF OF 
 1 Adam Larsson             Tony DeAngelo            60     1   3  1  
 2 Noah Hanifin             Olli Maatta              40     1   3  1  

Penalty Kill - 3 Players Forward 
   Forward                                           Time % Phy DF OF 
 1 Colton Sissons                                    60     0   5  0  
 2 Sebastian Aho                                     40     0   5  0  

Penalty Kill - 3 Players Defense
   Defense                  Defense                  Time % Phy DF OF 
 1 Adam Larsson             Noah Hanifin             60     0   5  0  
 2 Tony DeAngelo            Olli Maatta              40     0   5  0  

4 vs 4 Forward 
   Center                   Wing                     Time % Phy DF OF 
 1 Sebastian Aho            Alex Killorn             60     1   2  2  
 2 Mikael Granlund          Jared McCann             40     1   2  2  

4 vs 4 Defense
   Defense                  Defense                  Time % Phy DF OF 
 1 Adam Larsson             Tony DeAngelo            60     1   2  2  
 2 Noah Hanifin             Olli Maatta              40     1   2  2  

Last Minutes Offensive
   Center                   Left Wing                Right Wing               Defense                  Defense                  
   Sebastian Aho            Jared McCann             Alex Killorn             Tony DeAngelo            Noah Hanifin             

Last Minutes Defensive
   Center                   Left Wing                Right Wing               Defense                  Defense                  
   Sebastian Aho            Colton Sissons           Alex Killorn             Adam Larsson             Noah Hanifin             

Goaltenders
Starting : Connor Hellebuyck        
Backup : Pyotr Kochetkov          

Extra Forwards
Normal : Jared McCann, Sebastian Aho, Alex Killorn - PP : Sebastian Aho, Mikael Granlund - PK : Colton Sissons
Extra Defensemen
Normal : Adam Larsson, Noah Hanifin, Tony DeAngelo - PP : Tony DeAngelo - PK : Adam Larsson, Noah Hanifin
Penalty Shots
Sebastian Aho, Jared McCann, Andrei Svechnikov, Alex Killorn, Tomas Tatar

Scratches
None

NASHVILLE Predators

5 vs 5 Forward 
   Center                   Left Wing                Right Wing               Time % Phy DF OF 
 1 Aleksander Barkov        Alex DeBrincat           Reilly Smith             40     0   3  2  
 2 Dylan Larkin             Johnny Gaudreau          Pavel Zacha              30     0   2  3  
 3 Jean-Gabriel Pageau      Conor Sheary             Tanner Jeannot           20     2   2  1  
 4 Dylan Gambrell           Jimmy Vesey              Jonatan Berggren         10     0   3  2  

5 vs 5 Defense 
   Defense                  Defense                                           Time % Phy DF OF 
 1 Brent Burns              Jaccob Slavin                                     40     1   3  1  
 2 Esa Lindell              Luke Schenn                                       30     1   2  2  
 3 Travis Hamonic           Dmitry Kulikov                                    20     1   3  1  
 4 Esa Lindell              Brent Burns                                       10     1   2  2  

PowerPlay Forward 
   Center                   Left Wing                Right Wing               Time % Phy DF OF 
 1 Aleksander Barkov        Johnny Gaudreau          Alex DeBrincat           60     0   1  4  
 2 Dylan Larkin             Reilly Smith             Pavel Zacha              40     0   1  4  

PowerPlay Defense
   Defense                  Defense                                           Time % Phy DF OF 
 1 Brent Burns              Jaccob Slavin                                     60     1   1  3  
 2 Esa Lindell              Travis Hamonic                                    40     1   1  3  

Penalty Kill 4 Players Forward 
   Center                   Wing                     Time % Phy DF OF 
 1 Jean-Gabriel Pageau      Tanner Jeannot           60     1   3  1  
 2 Pavel Zacha              Jimmy Vesey              40     1   3  1  

Penalty Kill 4 Players Defense
   Defense                  Defense                  Time % Phy DF OF 
 1 Travis Hamonic           Jaccob Slavin            60     1   3  1  
 2 Esa Lindell              Luke Schenn              40     1   3  1  

Penalty Kill - 3 Players Forward 
   Forward                                           Time % Phy DF OF 
 1 Aleksander Barkov                                 60     1   3  1  
 2 Jean-Gabriel Pageau                               40     1   3  1  

Penalty Kill - 3 Players Defense
   Defense                  Defense                  Time % Phy DF OF 
 1 Brent Burns              Jaccob Slavin            60     1   3  1  
 2 Esa Lindell              Luke Schenn              40     1   3  1  

4 vs 4 Forward 
   Center                   Wing                     Time % Phy DF OF 
 1 Aleksander Barkov        Alex DeBrincat           60     1   2  2  
 2 Dylan Larkin             Johnny Gaudreau          40     1   2  2  

4 vs 4 Defense
   Defense                  Defense                  Time % Phy DF OF 
 1 Brent Burns              Jaccob Slavin            60     1   2  2  
 2 Esa Lindell              Luke Schenn              40     1   2  2  

Last Minutes Offensive
   Center                   Left Wing                Right Wing               Defense                  Defense                  
   Aleksander Barkov        Johnny Gaudreau          Alex DeBrincat           Brent Burns              Jaccob Slavin            

Last Minutes Defensive
   Center                   Left Wing                Right Wing               Defense                  Defense                  
   Jean-Gabriel Pageau      Pavel Zacha              Reilly Smith             Esa Lindell              Jaccob Slavin            

Goaltenders
Starting : Juuse Saros              
Backup : Charlie Lindgren         

Extra Forwards
Normal : Jean-Gabriel Pageau, Jimmy Vesey, Tanner Jeannot - PP : Jean-Gabriel Pageau, Jimmy Vesey - PK : Tanner Jeannot
Extra Defensemen
Normal : Travis Hamonic, Dmitry Kulikov, Luke Schenn - PP : Travis Hamonic - PK : Dmitry Kulikov, Luke Schenn
Penalty Shots
Alex DeBrincat, Dylan Larkin, Johnny Gaudreau, Aleksander Barkov, Reilly Smith

Scratches
None


% Time on Ice - VEGAS Golden Knights

Lines # - Real PCT - Wanted PCT - Time Play
Normal Forward
1 - 33% - 36% - 15:17
2 - 30% - 30% - 13:59
3 - 25% - 25% - 11:33
4 - 12% - 9% - 5:45
Normal Defense
1 - 41% - 40% - 19:08
2 - 33% - 33% - 15:32
3 - 25% - 22% - 11:32
4 - 1% - 5% - 0:22
PP Forward
1 - 59% - 65% - 4:41
2 - 41% - 35% - 3:15
PP Defense
1 - 51% - 65% - 4:04
2 - 49% - 35% - 3:52
PK Forward
1 - 84% - 60% - 4:38
2 - 16% - 40% - 0:52
PK Defense
1 - 57% - 60% - 3:07
2 - 43% - 40% - 2:23
PK3 Forward
1 - 0% - 60%
2 - 0% - 40%
PK3 Defense
1 - 0% - 60%
2 - 0% - 40%
44 Forward
1 - 0% - 60%
2 - 0% - 40%
44 Defense
1 - 0% - 60%
2 - 0% - 40%
Last Minute Offensive  - 0:00
Last Minute Defensive  - 0:00
Total
Forward - 60:00
Defense - 60:00

% Time on Ice - NASHVILLE Predators

Lines # - Real PCT - Wanted PCT - Time Play
Normal Forward
1 - 40% - 40% - 18:45
2 - 29% - 30% - 13:19
3 - 21% - 20% - 9:49
4 - 10% - 10% - 4:41
Normal Defense
1 - 40% - 40% - 18:51
2 - 28% - 30% - 12:53
3 - 26% - 20% - 11:55
4 - 6% - 10% - 2:55
PP Forward
1 - 45% - 60% - 2:30
2 - 55% - 40% - 3:00
PP Defense
1 - 45% - 60% - 2:30
2 - 55% - 40% - 3:00
PK Forward
1 - 72% - 60% - 5:45
2 - 28% - 40% - 2:11
PK Defense
1 - 57% - 60% - 4:32
2 - 43% - 40% - 3:24
PK3 Forward
1 - 0% - 60%
2 - 0% - 40%
PK3 Defense
1 - 0% - 60%
2 - 0% - 40%
44 Forward
1 - 0% - 60%
2 - 0% - 40%
44 Defense
1 - 0% - 60%
2 - 0% - 40%
Last Minute Offensive  - 0:00
Last Minute Defensive  - 0:00
Total
Forward - 60:00
Defense - 60:00

Play-by-Play

1st period


0:01 of 1st period - Sebastian Aho wins face-off versus Aleksander Barkov in neutral zone.
0:08 of 1st period - Shot by Sebastian Aho.
0:08 of 1st period - Shot Misses the Net.
0:13 of 1st period - Off-side.
0:14 of 1st period - Dylan Larkin wins face-off versus Mikael Granlund in neutral zone.
0:18 of 1st period - Johnny Gaudreau is hit by Tony DeAngelo and loses puck.
0:31 of 1st period - Shot by Dylan Larkin.
0:31 of 1st period - Shot Misses the Net.
0:35 of 1st period - Shot by Pavel Zacha.
0:35 of 1st period - Goal by Pavel Zacha - VEGAS Golden Knights : 0 - NASHVILLE Predators : 1.
0:36 of 1st period - Jean-Gabriel Pageau wins face-off versus Colton Sissons in neutral zone.
0:50 of 1st period - Minor Penalty to Mike Reilly for Roughing.
0:51 of 1st period - Aleksander Barkov wins face-off versus Colton Sissons in VEGAS Golden Knights zone.
0:56 of 1st period - Shot by Brent Burns.
0:56 of 1st period - Stopped by Connor Hellebuyck without a rebound.
0:57 of 1st period - Colton Sissons wins face-off versus Aleksander Barkov in VEGAS Golden Knights zone.
0:57 of 1st period - Colton Sissons is hit by Alex DeBrincat.
1:24 of 1st period - Shot by Johnny Gaudreau.
1:24 of 1st period - Shot Misses the Net.
1:30 of 1st period - Shot by Alex DeBrincat.
1:30 of 1st period - Shot Misses the Net.
1:32 of 1st period - Shot by Jaccob Slavin.
1:32 of 1st period - Stopped by Connor Hellebuyck without a rebound.
1:33 of 1st period - Dylan Larkin wins face-off versus Noel Acciari in VEGAS Golden Knights zone.
1:48 of 1st period - Sebastian Aho is hit by Pavel Zacha and loses puck.
1:57 of 1st period - Shot by Pavel Zacha.
1:57 of 1st period - Stopped by Connor Hellebuyck without a rebound.
1:58 of 1st period - Aleksander Barkov wins face-off versus Noel Acciari in VEGAS Golden Knights zone.
1:59 of 1st period - Shot by Brent Burns.
1:59 of 1st period - Stopped by Connor Hellebuyck without a rebound.
2:00 of 1st period - Aleksander Barkov wins face-off versus Noel Acciari in VEGAS Golden Knights zone.
2:01 of 1st period - Shot by Jaccob Slavin.
2:01 of 1st period - Goal by Jaccob Slavin - VEGAS Golden Knights : 0 - NASHVILLE Predators : 2.
2:02 of 1st period - Sebastian Aho wins face-off versus Aleksander Barkov in neutral zone.
2:05 of 1st period - Jaccob Slavin is hit by Tomas Tatar and loses puck.
2:54 of 1st period - Icing by Jaccob Slavin.
2:55 of 1st period - Aleksander Barkov wins face-off versus Colton Sissons in NASHVILLE Predators zone.
3:16 of 1st period - Shot by Adam Erne.
3:16 of 1st period - Deflect By Colton Sissons.
3:16 of 1st period - Shot Misses the Net.
3:36 of 1st period - Shot by Evgenii Dadonov.
3:36 of 1st period - Stopped by Juuse Saros without a rebound.
3:37 of 1st period - Mikael Granlund wins face-off versus Jean-Gabriel Pageau in NASHVILLE Predators zone.
3:37 of 1st period - Mikael Granlund is hit by Travis Hamonic.
3:42 of 1st period - Icing by Dmitry Kulikov.
3:43 of 1st period - Mikael Granlund wins face-off versus Jean-Gabriel Pageau in NASHVILLE Predators zone.
3:44 of 1st period - Shot by Alex Killorn.
3:44 of 1st period - Shot Misses the Net.
4:13 of 1st period - Shot by Conor Sheary.
4:13 of 1st period - Shot Misses the Net.
4:19 of 1st period - Shot by Dmitry Kulikov.
4:19 of 1st period - Stopped by Connor Hellebuyck without a rebound.
4:20 of 1st period - Sebastian Aho wins face-off versus Reilly Smith in VEGAS Golden Knights zone.
4:50 of 1st period - Icing by Jaccob Slavin.
4:51 of 1st period - Aleksander Barkov wins face-off versus Noel Acciari in NASHVILLE Predators zone.
4:51 of 1st period - Brent Burns is hit by Devin Shore and loses puck.
4:56 of 1st period - Shot by Noel Acciari.
4:56 of 1st period - Deflect By Phil Di Giuseppe.
4:56 of 1st period - Shot Misses the Net.
4:58 of 1st period - Shot by Phil Di Giuseppe.
4:58 of 1st period - Shot Misses the Net.
5:00 of 1st period - Shot by Noel Acciari.
5:00 of 1st period - Stopped by Juuse Saros with a rebound.
5:16 of 1st period - Shot by Devin Shore.
5:16 of 1st period - Stopped by Juuse Saros without a rebound.
5:17 of 1st period - Dylan Larkin wins face-off versus Mikael Granlund in NASHVILLE Predators zone.
5:19 of 1st period - Icing by Esa Lindell.
5:20 of 1st period - Dylan Larkin wins face-off versus Mikael Granlund in NASHVILLE Predators zone.
6:46 of 1st period - Shot by Sebastian Aho.
6:46 of 1st period - Shot Misses the Net.
6:48 of 1st period - Shot by Sebastian Aho.
6:48 of 1st period - Shot Blocked by Esa Lindell.
6:50 of 1st period - Shot by Tony DeAngelo.
6:50 of 1st period - Stopped by Juuse Saros without a rebound.
6:51 of 1st period - Dylan Gambrell wins face-off versus Colton Sissons in NASHVILLE Predators zone.
7:04 of 1st period - Shot by Adam Erne.
7:04 of 1st period - Stopped by Juuse Saros without a rebound.
7:05 of 1st period - Aleksander Barkov wins face-off versus Noel Acciari in NASHVILLE Predators zone.
7:14 of 1st period - Shot by Travis Hamonic.
7:14 of 1st period - Stopped by Connor Hellebuyck without a rebound.
7:15 of 1st period - Colton Sissons wins face-off versus Dylan Gambrell in VEGAS Golden Knights zone.
7:23 of 1st period - Icing by Jimmy Vesey.
7:24 of 1st period - Colton Sissons wins face-off versus Dylan Gambrell in NASHVILLE Predators zone.
7:43 of 1st period - Shot by Brent Burns.
7:43 of 1st period - Shot Misses the Net.
7:45 of 1st period - Shot by Jimmy Vesey.
7:45 of 1st period - Stopped by Connor Hellebuyck without a rebound.
7:46 of 1st period - Aleksander Barkov wins face-off versus Sebastian Aho in VEGAS Golden Knights zone.
8:22 of 1st period - Shot by Alex DeBrincat.
8:22 of 1st period - Shot Misses the Net.
8:43 of 1st period - Icing by Adam Larsson.
8:44 of 1st period - Jean-Gabriel Pageau wins face-off versus Andrei Svechnikov in VEGAS Golden Knights zone.
9:06 of 1st period - Icing by Adam Larsson.
9:07 of 1st period - Dylan Larkin wins face-off versus Mikael Granlund in VEGAS Golden Knights zone.
9:20 of 1st period - Shot by Dylan Larkin.
9:20 of 1st period - Stopped by Connor Hellebuyck without a rebound.
9:21 of 1st period - Colton Sissons wins face-off versus Jean-Gabriel Pageau in VEGAS Golden Knights zone.
9:21 of 1st period - Noah Hanifin is hit by Tanner Jeannot and loses puck.
10:32 of 1st period - Minor Penalty to Luke Schenn for Slashing.
10:33 of 1st period - Sebastian Aho wins face-off versus Pavel Zacha in NASHVILLE Predators zone.
10:52 of 1st period - Shot by Sebastian Aho.
10:52 of 1st period - Deflect By Jared McCann.
10:52 of 1st period - Shot Blocked by Jimmy Vesey.
10:54 of 1st period - Shot by Alex Killorn.
10:54 of 1st period - Stopped by Juuse Saros without a rebound.
10:55 of 1st period - Colton Sissons wins face-off versus Jean-Gabriel Pageau in NASHVILLE Predators zone.
11:56 of 1st period - Shot by Jared McCann.
11:56 of 1st period - Shot Blocked by Travis Hamonic.
11:58 of 1st period - Shot by Jared McCann.
11:58 of 1st period - Shot Blocked by Jaccob Slavin.
12:00 of 1st period - Shot by Andrei Svechnikov.
12:00 of 1st period - Shot Blocked by Jaccob Slavin.
12:02 of 1st period - Shot by Andrei Svechnikov.
12:02 of 1st period - Shot Misses the Net.
12:04 of 1st period - Shot by Sebastian Aho.
12:04 of 1st period - Stopped by Juuse Saros without a rebound.
12:05 of 1st period - Jean-Gabriel Pageau wins face-off versus Sebastian Aho in NASHVILLE Predators zone.
12:34 of 1st period - Icing by Andrei Svechnikov.
12:35 of 1st period - Noel Acciari wins face-off versus Dylan Gambrell in VEGAS Golden Knights zone.
12:48 of 1st period - Shot by Noel Acciari.
12:48 of 1st period - Shot Misses the Net.
12:50 of 1st period - Shot by Olli Maatta.
12:50 of 1st period - Stopped by Juuse Saros without a rebound.
12:51 of 1st period - Colton Sissons wins face-off versus Dylan Larkin in NASHVILLE Predators zone.
12:51 of 1st period - Adam Erne is hit by Luke Schenn and loses puck.
12:56 of 1st period - Shot by Colton Sissons.
12:56 of 1st period - Shot Misses the Net.
12:58 of 1st period - Shot by Evgenii Dadonov.
12:58 of 1st period - Goal by Evgenii Dadonov - VEGAS Golden Knights : 1 - NASHVILLE Predators : 2.
12:59 of 1st period - Aleksander Barkov wins face-off versus Mikael Granlund in neutral zone.
12:59 of 1st period - Reilly Smith is hit by Andrei Svechnikov and loses puck.
13:29 of 1st period - Jaccob Slavin is hit by Andrei Svechnikov.
14:38 of 1st period - Minor Penalty to Tomas Tatar for Hooking.
14:39 of 1st period - Colton Sissons wins face-off versus Alex DeBrincat in VEGAS Golden Knights zone.
15:00 of 1st period - Shot by Brent Burns.
15:00 of 1st period - Goal by Brent Burns - VEGAS Golden Knights : 1 - NASHVILLE Predators : 3.
15:01 of 1st period - Noel Acciari wins face-off versus Dylan Gambrell in neutral zone.
15:01 of 1st period - Noel Acciari is hit by Dylan Gambrell.
15:04 of 1st period - Phil Di Giuseppe is hit by Jimmy Vesey and loses puck.
15:14 of 1st period - Shot by Esa Lindell.
15:14 of 1st period - Stopped by Connor Hellebuyck without a rebound.
15:15 of 1st period - Colton Sissons wins face-off versus Tanner Jeannot in VEGAS Golden Knights zone.
15:15 of 1st period - Colton Sissons is hit by Tanner Jeannot.
15:28 of 1st period - Icing by Jean-Gabriel Pageau.
15:29 of 1st period - Sebastian Aho wins face-off versus Jean-Gabriel Pageau in NASHVILLE Predators zone.
15:29 of 1st period - Tomas Tatar is hit by Brent Burns and loses puck.
15:40 of 1st period - Sebastian Aho is hit by Tanner Jeannot and loses puck.
15:45 of 1st period - Shot by Jean-Gabriel Pageau.
15:45 of 1st period - Stopped by Connor Hellebuyck without a rebound.
15:46 of 1st period - Colton Sissons wins face-off versus Alex DeBrincat in VEGAS Golden Knights zone.
16:01 of 1st period - Adam Erne is hit by Dmitry Kulikov and loses puck.
16:04 of 1st period - Shot by Adam Larsson.
16:04 of 1st period - Shot Blocked by Alex DeBrincat.
16:17 of 1st period - Icing by Travis Hamonic.
16:18 of 1st period - Sebastian Aho wins face-off versus Aleksander Barkov in NASHVILLE Predators zone.
16:21 of 1st period - Shot by Tony DeAngelo.
16:21 of 1st period - Shot Blocked by Reilly Smith.
16:39 of 1st period - Icing by Noah Hanifin.
16:40 of 1st period - Sebastian Aho wins face-off versus Dylan Larkin in VEGAS Golden Knights zone.
17:41 of 1st period - Shot by Alex Killorn.
17:41 of 1st period - Shot Misses the Net.
18:01 of 1st period - Shot by Andrei Svechnikov.
18:01 of 1st period - Shot Blocked by Brent Burns.
18:11 of 1st period - Shot by Andrei Svechnikov.
18:11 of 1st period - Stopped by Juuse Saros with a rebound.
18:30 of 1st period - Icing by Evgenii Dadonov.
18:31 of 1st period - Colton Sissons wins face-off versus Aleksander Barkov in VEGAS Golden Knights zone.
18:31 of 1st period - Adam Erne is hit by Reilly Smith and loses puck.
18:53 of 1st period - Shot by Reilly Smith.
18:53 of 1st period - Stopped by Connor Hellebuyck without a rebound.
18:54 of 1st period - Noel Acciari wins face-off versus Conor Sheary in VEGAS Golden Knights zone.
19:10 of 1st period - Icing by Noah Hanifin.
19:11 of 1st period - Noel Acciari wins face-off versus Aleksander Barkov in VEGAS Golden Knights zone.
19:15 of 1st period - Noah Hanifin is hit by Reilly Smith.
19:25 of 1st period - Shot by Noel Acciari.
19:25 of 1st period - Stopped by Juuse Saros with a rebound.
19:42 of 1st period - Icing by Luke Schenn.
19:43 of 1st period - Aleksander Barkov wins face-off versus Sebastian Aho in NASHVILLE Predators zone.
Goals for this period are 1 for VEGAS Golden Knights vs 3 for NASHVILLE Predators.
Shots for this period are 11 for VEGAS Golden Knights vs 14 for NASHVILLE Predators.

2nd period


0:01 of 2nd period - Mikael Granlund wins face-off versus Aleksander Barkov in neutral zone.
0:35 of 2nd period - Aleksander Barkov is hit by Adam Larsson and loses puck.
0:42 of 2nd period - Shot by Aleksander Barkov.
0:42 of 2nd period - Shot Blocked by Olli Maatta.
0:55 of 2nd period - Minor Penalty to Andrei Svechnikov for Hooking.
0:56 of 2nd period - Dylan Larkin wins face-off versus Colton Sissons in VEGAS Golden Knights zone.
1:02 of 2nd period - Pavel Zacha is hit by Adam Larsson and loses puck.
1:19 of 2nd period - Shot by Travis Hamonic.
1:19 of 2nd period - Deflect By Dylan Larkin.
1:19 of 2nd period - Shot Misses the Net.
1:21 of 2nd period - Shot by Travis Hamonic.
1:21 of 2nd period - Shot Misses the Net.
1:23 of 2nd period - Shot by Esa Lindell.
1:23 of 2nd period - Shot Misses the Net.
2:09 of 2nd period - Shot by Alex DeBrincat.
2:09 of 2nd period - Stopped by Connor Hellebuyck without a rebound.
2:10 of 2nd period - Dylan Larkin wins face-off versus Colton Sissons in VEGAS Golden Knights zone.
2:13 of 2nd period - Shot by Dylan Larkin.
2:13 of 2nd period - Shot Blocked by Tony DeAngelo.
2:22 of 2nd period - Icing by Esa Lindell.
2:23 of 2nd period - Colton Sissons wins face-off versus Dylan Larkin in NASHVILLE Predators zone.
2:34 of 2nd period - Shot by Travis Hamonic.
2:34 of 2nd period - Shot Blocked by Adam Larsson.
2:36 of 2nd period - Shot by Travis Hamonic.
2:36 of 2nd period - Shot Blocked by Adam Larsson.
2:38 of 2nd period - Shot by Dylan Larkin.
2:38 of 2nd period - Shot Misses the Net.
2:49 of 2nd period - Shot by Esa Lindell.
2:49 of 2nd period - Stopped by Connor Hellebuyck without a rebound.
2:50 of 2nd period - Noel Acciari wins face-off versus Aleksander Barkov in VEGAS Golden Knights zone.
2:50 of 2nd period - Noah Hanifin is hit by Alex DeBrincat and loses puck.
3:08 of 2nd period - Minor Penalty to Brent Burns for Interference.
3:09 of 2nd period - Jean-Gabriel Pageau wins face-off versus Sebastian Aho in NASHVILLE Predators zone.
3:09 of 2nd period - Jean-Gabriel Pageau is hit by Alex Killorn.
3:29 of 2nd period - Shot by Alex Killorn.
3:29 of 2nd period - Shot Blocked by Travis Hamonic.
3:31 of 2nd period - Shot by Noah Hanifin.
3:31 of 2nd period - Stopped by Juuse Saros without a rebound.
3:32 of 2nd period - Jean-Gabriel Pageau wins face-off versus Colton Sissons in NASHVILLE Predators zone.
4:03 of 2nd period - Shot by Colton Sissons.
4:03 of 2nd period - Shot Misses the Net.
4:05 of 2nd period - Shot by Colton Sissons.
4:05 of 2nd period - Stopped by Juuse Saros with a rebound.
4:20 of 2nd period - Icing by Tony DeAngelo.
4:21 of 2nd period - Pavel Zacha wins face-off versus Noel Acciari in VEGAS Golden Knights zone.
5:09 of 2nd period - Alex Killorn is hit by Brent Burns.
6:09 of 2nd period - Shot by Adam Erne.
6:09 of 2nd period - Shot Misses the Net.
6:40 of 2nd period - Shot by Colton Sissons.
6:40 of 2nd period - Shot Misses the Net.
7:12 of 2nd period - Shot by Conor Sheary.
7:12 of 2nd period - Shot Blocked by Mike Reilly.
7:14 of 2nd period - Shot by Jean-Gabriel Pageau.
7:14 of 2nd period - Shot Misses the Net.
7:30 of 2nd period - Shot by Jean-Gabriel Pageau.
7:30 of 2nd period - Stopped by Connor Hellebuyck without a rebound.
7:31 of 2nd period - Sebastian Aho wins face-off versus Dylan Gambrell in VEGAS Golden Knights zone.
8:32 of 2nd period - Olli Maatta is hit by Tanner Jeannot and loses puck.
9:16 of 2nd period - Brent Burns is hit by Phil Di Giuseppe and loses puck.
9:20 of 2nd period - Icing by Tanner Jeannot.
9:21 of 2nd period - Noel Acciari wins face-off versus Jean-Gabriel Pageau in NASHVILLE Predators zone.
9:38 of 2nd period - Shot by Noel Acciari.
9:38 of 2nd period - Stopped by Juuse Saros without a rebound.
9:39 of 2nd period - Sebastian Aho wins face-off versus Aleksander Barkov in NASHVILLE Predators zone.
9:39 of 2nd period - Sebastian Aho is hit by Dmitry Kulikov.
9:43 of 2nd period - Shot by Jared McCann.
9:43 of 2nd period - Goal by Jared McCann - VEGAS Golden Knights : 2 - NASHVILLE Predators : 3.
9:44 of 2nd period - Aleksander Barkov wins face-off versus Sebastian Aho in neutral zone.
9:57 of 2nd period - Shot by Alex DeBrincat.
9:57 of 2nd period - Stopped by Connor Hellebuyck without a rebound.
9:58 of 2nd period - Mikael Granlund wins face-off versus Dylan Larkin in VEGAS Golden Knights zone.
10:05 of 2nd period - Travis Hamonic is hit by Alex Killorn.
10:35 of 2nd period - Shot by Alex Killorn.
10:35 of 2nd period - Shot Blocked by Travis Hamonic.
10:37 of 2nd period - Shot by Andrei Svechnikov.
10:37 of 2nd period - Stopped by Juuse Saros with a rebound.
10:39 of 2nd period - Shot by Andrei Svechnikov.
10:39 of 2nd period - Stopped by Juuse Saros with a rebound.
10:41 of 2nd period - Shot by Mikael Granlund.
10:41 of 2nd period - Shot Misses the Net.
11:01 of 2nd period - Shot by Alex DeBrincat.
11:01 of 2nd period - Stopped by Connor Hellebuyck without a rebound.
11:02 of 2nd period - Colton Sissons wins face-off versus Alex DeBrincat in VEGAS Golden Knights zone.
11:02 of 2nd period - Evgenii Dadonov is hit by Aleksander Barkov and loses puck.
11:10 of 2nd period - Minor Penalty to Luke Schenn for Delaying the game.
11:11 of 2nd period - Colton Sissons wins face-off versus Jean-Gabriel Pageau in NASHVILLE Predators zone.
11:16 of 2nd period - Shot by Colton Sissons.
11:16 of 2nd period - Stopped by Juuse Saros without a rebound.
11:17 of 2nd period - Sebastian Aho wins face-off versus Jean-Gabriel Pageau in NASHVILLE Predators zone.
11:18 of 2nd period - Shot by Noah Hanifin.
11:18 of 2nd period - Stopped by Juuse Saros with a rebound.
11:20 of 2nd period - Shot by Alex Killorn.
11:20 of 2nd period - Shot Misses the Net.
11:22 of 2nd period - Shot by Jared McCann.
11:22 of 2nd period - Stopped by Juuse Saros without a rebound.
11:23 of 2nd period - Jean-Gabriel Pageau wins face-off versus Sebastian Aho in NASHVILLE Predators zone.
11:33 of 2nd period - Shot by Sebastian Aho.
11:33 of 2nd period - Stopped by Juuse Saros without a rebound.
11:34 of 2nd period - Jean-Gabriel Pageau wins face-off versus Sebastian Aho in NASHVILLE Predators zone.
11:55 of 2nd period - Shot by Alex Killorn.
11:55 of 2nd period - Stopped by Juuse Saros with a rebound.
12:07 of 2nd period - Shot by Noah Hanifin.
12:07 of 2nd period - Stopped by Juuse Saros without a rebound.
12:08 of 2nd period - Colton Sissons wins face-off versus Jean-Gabriel Pageau in NASHVILLE Predators zone.
12:15 of 2nd period - Shot by Mikael Granlund.
12:15 of 2nd period - Stopped by Juuse Saros without a rebound.
12:16 of 2nd period - Jean-Gabriel Pageau wins face-off versus Colton Sissons in NASHVILLE Predators zone.
12:29 of 2nd period - Shot by Tony DeAngelo.
12:29 of 2nd period - Shot Misses the Net.
12:31 of 2nd period - Shot by Colton Sissons.
12:31 of 2nd period - Shot Misses the Net.
12:37 of 2nd period - Shot by Noel Acciari.
12:37 of 2nd period - Shot Hit the Post.
12:39 of 2nd period - Shot by Tony DeAngelo.
12:39 of 2nd period - Shot Misses the Net.
12:49 of 2nd period - Shot by Tomas Tatar.
12:49 of 2nd period - Stopped by Juuse Saros without a rebound.
12:50 of 2nd period - Jean-Gabriel Pageau wins face-off versus Sebastian Aho in NASHVILLE Predators zone.
14:27 of 2nd period - Shot by Dylan Larkin.
14:27 of 2nd period - Shot Misses the Net.
15:00 of 2nd period - Icing by Dylan Larkin.
15:01 of 2nd period - Dylan Larkin wins face-off versus Sebastian Aho in NASHVILLE Predators zone.
15:20 of 2nd period - Off-side.
15:21 of 2nd period - Reilly Smith wins face-off versus Mikael Granlund in neutral zone.
15:27 of 2nd period - Icing by Alex Killorn.
15:28 of 2nd period - Mikael Granlund wins face-off versus Aleksander Barkov in VEGAS Golden Knights zone.
15:41 of 2nd period - Shot by Alex Killorn.
15:41 of 2nd period - Stopped by Juuse Saros without a rebound.
15:42 of 2nd period - Sebastian Aho wins face-off versus Tanner Jeannot in NASHVILLE Predators zone.
15:45 of 2nd period - Shot by Jared McCann.
15:45 of 2nd period - Shot Misses the Net.
15:48 of 2nd period - Icing by Jean-Gabriel Pageau.
15:49 of 2nd period - Jean-Gabriel Pageau wins face-off versus Sebastian Aho in NASHVILLE Predators zone.
15:56 of 2nd period - Tanner Jeannot is hit by Tomas Tatar.
16:12 of 2nd period - Shot by Tomas Tatar.
16:12 of 2nd period - Stopped by Juuse Saros without a rebound.
16:13 of 2nd period - Mikael Granlund wins face-off versus Alex DeBrincat in NASHVILLE Predators zone.
16:13 of 2nd period - Mikael Granlund is hit by Jaccob Slavin.
16:17 of 2nd period - Shot by Andrei Svechnikov.
16:17 of 2nd period - Stopped by Juuse Saros without a rebound.
16:18 of 2nd period - Mikael Granlund wins face-off versus Aleksander Barkov in NASHVILLE Predators zone.
16:47 of 2nd period - Shot by Aleksander Barkov.
16:47 of 2nd period - Shot Misses the Net.
16:52 of 2nd period - Icing by Andrei Svechnikov.
16:53 of 2nd period - Dylan Larkin wins face-off versus Mikael Granlund in VEGAS Golden Knights zone.
17:54 of 2nd period - Icing by Jaccob Slavin.
17:55 of 2nd period - Sebastian Aho wins face-off versus Jean-Gabriel Pageau in NASHVILLE Predators zone.
18:23 of 2nd period - Shot by Sebastian Aho.
18:23 of 2nd period - Deflect By Tomas Tatar.
18:23 of 2nd period - Stopped by Juuse Saros without a rebound.
18:24 of 2nd period - Aleksander Barkov wins face-off versus Colton Sissons in NASHVILLE Predators zone.
18:51 of 2nd period - Shot by Adam Erne.
18:51 of 2nd period - Stopped by Juuse Saros without a rebound.
18:52 of 2nd period - Dylan Larkin wins face-off versus Tomas Tatar in NASHVILLE Predators zone.
18:54 of 2nd period - Jaccob Slavin is hit by Tomas Tatar and loses puck.
Goals for this period are 1 for VEGAS Golden Knights vs 0 for NASHVILLE Predators.
Shots for this period are 19 for VEGAS Golden Knights vs 5 for NASHVILLE Predators.

3rd period


0:01 of 3rd period - Aleksander Barkov wins face-off versus Sebastian Aho in neutral zone.
0:41 of 3rd period - Off-side.
0:42 of 3rd period - Dylan Larkin wins face-off versus Mikael Granlund in neutral zone.
1:12 of 3rd period - Johnny Gaudreau is hit by Andrei Svechnikov and loses puck.
1:19 of 3rd period - Shot by Pavel Zacha.
1:19 of 3rd period - Stopped by Connor Hellebuyck without a rebound.
1:20 of 3rd period - Colton Sissons wins face-off versus Dylan Gambrell in VEGAS Golden Knights zone.
1:28 of 3rd period - Minor Penalty to Travis Hamonic for Tripping.
1:29 of 3rd period - Jean-Gabriel Pageau wins face-off versus Colton Sissons in NASHVILLE Predators zone.
1:29 of 3rd period - Jaccob Slavin is hit by Tomas Tatar.
1:38 of 3rd period - Off-side.
1:39 of 3rd period - Jean-Gabriel Pageau wins face-off versus Sebastian Aho in neutral zone.
2:15 of 3rd period - Shot by Sebastian Aho.
2:15 of 3rd period - Stopped by Juuse Saros without a rebound.
2:16 of 3rd period - Pavel Zacha wins face-off versus Colton Sissons in NASHVILLE Predators zone.
2:41 of 3rd period - Shot by Noel Acciari.
2:41 of 3rd period - Shot Blocked by Dmitry Kulikov.
2:43 of 3rd period - Shot by Colton Sissons.
2:43 of 3rd period - Stopped by Juuse Saros without a rebound.
2:44 of 3rd period - Tanner Jeannot wins face-off versus Sebastian Aho in NASHVILLE Predators zone.
3:39 of 3rd period - Shot by Evgenii Dadonov.
3:39 of 3rd period - Stopped by Juuse Saros with a rebound.
3:41 of 3rd period - Shot by Adam Erne.
3:41 of 3rd period - Goal by Adam Erne - VEGAS Golden Knights : 3 - NASHVILLE Predators : 3.
3:42 of 3rd period - Noel Acciari wins face-off versus Pavel Zacha in neutral zone.
3:55 of 3rd period - Noel Acciari is hit by Jaccob Slavin.
4:01 of 3rd period - Shot by Devin Shore.
4:01 of 3rd period - Stopped by Juuse Saros without a rebound.
4:02 of 3rd period - Colton Sissons wins face-off versus Aleksander Barkov in NASHVILLE Predators zone.
4:03 of 3rd period - Shot by Adam Larsson.
4:03 of 3rd period - Shot Misses the Net.
4:30 of 3rd period - Alex DeBrincat is hit by Adam Erne and loses puck.
4:46 of 3rd period - Shot by Colton Sissons.
4:46 of 3rd period - Stopped by Juuse Saros without a rebound.
4:47 of 3rd period - Jared McCann wins face-off versus Jean-Gabriel Pageau in NASHVILLE Predators zone.
4:47 of 3rd period - Jared McCann is hit by Jaccob Slavin.
4:49 of 3rd period - Shot by Noah Hanifin.
4:49 of 3rd period - Stopped by Juuse Saros with a rebound.
5:58 of 3rd period - Icing by Jaccob Slavin.
5:59 of 3rd period - Colton Sissons wins face-off versus Jean-Gabriel Pageau in NASHVILLE Predators zone.
6:15 of 3rd period - Evgenii Dadonov is hit by Brent Burns and loses puck.
6:34 of 3rd period - Shot by Colton Sissons.
6:34 of 3rd period - Stopped by Juuse Saros without a rebound.
6:35 of 3rd period - Mikael Granlund wins face-off versus Aleksander Barkov in NASHVILLE Predators zone.
6:35 of 3rd period - Alex Killorn is hit by Luke Schenn and loses puck.
7:05 of 3rd period - Off-side.
7:06 of 3rd period - Sebastian Aho wins face-off versus Dylan Larkin in neutral zone.
7:11 of 3rd period - Shot by Sebastian Aho.
7:11 of 3rd period - Stopped by Juuse Saros without a rebound.
7:12 of 3rd period - Dylan Larkin wins face-off versus Sebastian Aho in NASHVILLE Predators zone.
7:12 of 3rd period - Johnny Gaudreau is hit by Sebastian Aho and loses puck.
7:23 of 3rd period - Shot by Johnny Gaudreau.
7:23 of 3rd period - Stopped by Connor Hellebuyck without a rebound.
7:24 of 3rd period - Aleksander Barkov wins face-off versus Mikael Granlund in VEGAS Golden Knights zone.
7:44 of 3rd period - Shot by Aleksander Barkov.
7:44 of 3rd period - Stopped by Connor Hellebuyck with a rebound.
8:01 of 3rd period - Off-side.
8:02 of 3rd period - Sebastian Aho wins face-off versus Dylan Larkin in neutral zone.
8:12 of 3rd period - Shot by Johnny Gaudreau.
8:12 of 3rd period - Deflect By Dylan Larkin.
8:12 of 3rd period - Shot Misses the Net.
8:20 of 3rd period - Shot by Johnny Gaudreau.
8:20 of 3rd period - Stopped by Connor Hellebuyck without a rebound.
8:21 of 3rd period - Colton Sissons wins face-off versus Dylan Gambrell in VEGAS Golden Knights zone.
8:51 of 3rd period - Jimmy Vesey is hit by Mike Reilly and loses puck.
9:17 of 3rd period - Icing by Travis Hamonic.
9:18 of 3rd period - Dylan Gambrell wins face-off versus Sebastian Aho in NASHVILLE Predators zone.
9:18 of 3rd period - Dylan Gambrell is hit by Sebastian Aho.
9:21 of 3rd period - Travis Hamonic is hit by Jared McCann and loses puck.
9:37 of 3rd period - Travis Hamonic is hit by Noah Hanifin.
9:58 of 3rd period - Icing by Noah Hanifin.
9:59 of 3rd period - Dylan Larkin wins face-off versus Sebastian Aho in VEGAS Golden Knights zone.
9:59 of 3rd period - Dylan Larkin is hit by Noah Hanifin.
10:03 of 3rd period - Shot by Johnny Gaudreau.
10:03 of 3rd period - Stopped by Connor Hellebuyck without a rebound.
10:04 of 3rd period - Aleksander Barkov wins face-off versus Mikael Granlund in VEGAS Golden Knights zone.
10:07 of 3rd period - Shot by Alex DeBrincat.
10:07 of 3rd period - Stopped by Connor Hellebuyck without a rebound.
10:08 of 3rd period - Mikael Granlund wins face-off versus Aleksander Barkov in VEGAS Golden Knights zone.
10:15 of 3rd period - Shot by Andrei Svechnikov.
10:15 of 3rd period - Stopped by Juuse Saros without a rebound.
10:16 of 3rd period - Mikael Granlund wins face-off versus Aleksander Barkov in NASHVILLE Predators zone.
10:16 of 3rd period - Mikael Granlund is hit by Brent Burns.
11:46 of 3rd period - Icing by Olli Maatta.
11:47 of 3rd period - Mikael Granlund wins face-off versus Jean-Gabriel Pageau in VEGAS Golden Knights zone.
11:47 of 3rd period - Mikael Granlund is hit by Tanner Jeannot.
12:22 of 3rd period - Off-side.
12:23 of 3rd period - Aleksander Barkov wins face-off versus Colton Sissons in neutral zone.
12:43 of 3rd period - Aleksander Barkov is hit by Mike Reilly and loses puck.
13:42 of 3rd period - Shot by Esa Lindell.
13:42 of 3rd period - Shot Misses the Net.
13:50 of 3rd period - Shot by Dylan Larkin.
13:50 of 3rd period - Goal by Dylan Larkin - VEGAS Golden Knights : 3 - NASHVILLE Predators : 4.
13:51 of 3rd period - Noel Acciari wins face-off versus Jean-Gabriel Pageau in neutral zone.
13:51 of 3rd period - Noel Acciari is hit by Tanner Jeannot.
13:59 of 3rd period - Shot by Noel Acciari.
13:59 of 3rd period - Stopped by Juuse Saros without a rebound.
14:00 of 3rd period - Noel Acciari wins face-off versus Jean-Gabriel Pageau in NASHVILLE Predators zone.
14:35 of 3rd period - Shot by Conor Sheary.
14:35 of 3rd period - Shot Misses the Net.
14:37 of 3rd period - Shot by Conor Sheary.
14:37 of 3rd period - Shot Misses the Net.
14:39 of 3rd period - Shot by Conor Sheary.
14:39 of 3rd period - Shot Blocked by Mike Reilly.
14:41 of 3rd period - Shot by Conor Sheary.
14:41 of 3rd period - Shot Misses the Net.
15:11 of 3rd period - Shot by Reilly Smith.
15:11 of 3rd period - Shot Misses the Net.
15:37 of 3rd period - Tomas Tatar is hit by Brent Burns.
16:07 of 3rd period - Shot by Andrei Svechnikov.
16:07 of 3rd period - Deflect By Alex Killorn.
16:07 of 3rd period - Shot Misses the Net.
16:09 of 3rd period - Shot by Tony DeAngelo.
16:09 of 3rd period - Shot Blocked by Aleksander Barkov.
16:11 of 3rd period - Shot by Andrei Svechnikov.
16:11 of 3rd period - Shot Misses the Net.
16:31 of 3rd period - Shot by Andrei Svechnikov.
16:31 of 3rd period - Shot Misses the Net.
16:58 of 3rd period - Shot by Dylan Larkin.
16:58 of 3rd period - Stopped by Connor Hellebuyck without a rebound.
16:59 of 3rd period - Dylan Gambrell wins face-off versus Noel Acciari in VEGAS Golden Knights zone.
18:01 of 3rd period - Minor Penalty to Sebastian Aho for Tripping.
18:02 of 3rd period - Dylan Larkin wins face-off versus Colton Sissons in VEGAS Golden Knights zone.
18:39 of 3rd period - Shot by Travis Hamonic.
18:39 of 3rd period - Stopped by Connor Hellebuyck without a rebound.
18:40 of 3rd period - Colton Sissons wins face-off versus Aleksander Barkov in VEGAS Golden Knights zone.
18:55 of 3rd period - Shot by Johnny Gaudreau.
18:55 of 3rd period - Deflect By Aleksander Barkov.
18:55 of 3rd period - Stopped by Connor Hellebuyck without a rebound.
18:56 of 3rd period - Reilly Smith wins face-off versus Colton Sissons in VEGAS Golden Knights zone.
18:56 of 3rd period - Reilly Smith is hit by Olli Maatta.
19:48 of 3rd period - Shot by Johnny Gaudreau.
19:48 of 3rd period - Shot Misses the Net.
Goals for this period are 1 for VEGAS Golden Knights vs 1 for NASHVILLE Predators.
Shots for this period are 11 for VEGAS Golden Knights vs 10 for NASHVILLE Predators. Output by the SimonT Hockey Simulator (STHS) for Martin Benoit - Original Page W3C HTML5 Valid
Hockey Simulator - Hockey Simulation - Hockey Manager